TOP OF THE 1ST |
Syracuse Storm batting - Pitching for Niagara Falls Expos : RHP Naozane Kobayashi
|
Pitching: RHP Naozane Kobayashi
|
|
Batting: RHB Tsuginori Kobayashi
|
0-0: Called Strike 0-1: Foul Ball, location: 2F 0-2: Foul Ball, location: 2F 0-2: Ball 1-2: Strikes out swinging
|
Batting: RHB Dave Maxwell
|
0-0: Ball 1-0: Ball 2-0: SINGLE (Flyball, 78M)
|
Batting: LHB Juan Jimínez
|
0-0: Ball 1-0: Ball 2-0: Fielders Choice at 2nd, 1-6 (Groundball, 13)
|
Batting: RHB Vince Staples
|
0-0: Foul Ball, location: 2F 0-1: Fly out, F4 (Popup, 34)
|
Top of the 1st over - 0 runs, 1 hit, 0 errors, 1 left on base; Syracuse 0 - Niagara Falls 0 |
BOTTOM OF THE 1ST |
Niagara Falls Expos batting - Pitching for Syracuse Storm : RHP Zach Pinyerrel
|
Pitching: RHP Zach Pinyerrel
|
|
Batting: RHB Ramón Soto
|
0-0: SINGLE (Flyball, 7S)
|
Batting: RHB Hou Kong
|
0-0: Ball 1-0: Swinging Strike 1-1: Ball 2-1: SINGLE (Groundball, 56D) Ramón Soto to second
|
Batting: RHB Ramón Degollado
|
0-0: Ball 1-0: Called Strike 1-1: Ball 2-1: Fielders Choice at 2nd, 6-4 (Groundball, 6) Ramón Soto to third
|
Batting: LHB Manuel Núñez
|
0-0: Ball 1-0: Ball 2-0: Ball 3-0: Called Strike 3-1: Foul Ball, location: 2F 3-2: SINGLE (Line Drive, 9S) Ramón Soto scores Ramón Degollado to second Ramón Degollado to third
|
Batting: RHB Bertrand Pick
|
0-0: Grounds into double play, 4-6-3 (Groundball, 4)
|
Bottom of the 1st over - 1 run, 3 hits, 0 errors, 1 left on base; Syracuse 0 - Niagara Falls 1 |
TOP OF THE 2ND |
Syracuse Storm batting - Pitching for Niagara Falls Expos : RHP Naozane Kobayashi
|
Batting: LHB William Duffy
|
0-0: Ground out 1-3 (Groundball, 13)
|
Batting: RHB Scotty Smalls
|
0-0: Ground out 6-3 (Groundball, 56)
|
Batting: LHB Mike Clifton
|
0-0: Ball 1-0: DOUBLE (Flyball, 89D)
|
Batting: RHB Harry MacCash
|
0-0: Called Strike 0-1: Ball 1-1: Foul Ball, location: 2F 1-2: Foul Ball, location: 2F 1-2: Ground out 5-3 (Groundball, 56)
|
Top of the 2nd over - 0 runs, 1 hit, 0 errors, 1 left on base; Syracuse 0 - Niagara Falls 1 |
BOTTOM OF THE 2ND |
Niagara Falls Expos batting - Pitching for Syracuse Storm : RHP Zach Pinyerrel
|
Batting: RHB José Vázquez
|
0-0: Foul Ball, location: 2F 0-1: Ball 1-1: Ball 2-1: Foul Ball, location: 2F 2-2: Ground out U3 (Groundball, 34)
|
Batting: RHB José Xirau
|
0-0: Ball 1-0: Ball 2-0: Called Strike 2-1: Ground out 4-3 (Groundball, 34)
|
Batting: RHB Bogumil Tiwontschik
|
0-0: Called Strike 0-1: Ground out 5-3 (Groundball, 56S)
|
Bottom of the 2nd over - 0 runs, 0 hits, 0 errors, 0 left on base; Syracuse 0 - Niagara Falls 1 |
TOP OF THE 3RD |
Syracuse Storm batting - Pitching for Niagara Falls Expos : RHP Naozane Kobayashi
|
Batting: LHB Hirohisa Wada
|
0-0: Ball 1-0: Called Strike 1-1: Called Strike 1-2: Ground out 5-3 (Groundball, 56)
|
Batting: RHB Tsuginori Kobayashi
|
0-0: DOUBLE (Line Drive, 7LM)
|
Batting: RHB Dave Maxwell
|
0-0: Called Strike 0-1: SINGLE (Groundball, 34D) Tsuginori Kobayashi to third
|
Batting: LHB Juan Jimínez
|
0-0: Ball 1-0: Called Strike 1-1: Called Strike 1-2: Foul Ball, location: 2F 1-2: Ball 2-2: Ball 3-2: Base on Balls Dave Maxwell to second
|
Batting: RHB Vince Staples
|
0-0: Foul Ball, location: 2F 0-1: Grounds into double play, 5-4-3 (Groundball, 5)
|
Top of the 3rd over - 0 runs, 2 hits, 0 errors, 2 left on base; Syracuse 0 - Niagara Falls 1 |
BOTTOM OF THE 3RD |
Niagara Falls Expos batting - Pitching for Syracuse Storm : RHP Zach Pinyerrel
|
Batting: RHB Francisco Valentín
|
0-0: Ball 1-0: Ball 2-0: Swinging Strike 2-1: Foul Ball, location: 2F 2-2: Foul Ball, location: 2F 2-2: Foul Ball, location: 2F 2-2: Ball 3-2: Foul Ball, location: 2F 3-2: Foul Ball, location: 2F 3-2: Base on Balls
|
Batting: RHB Ramón Soto
|
0-0: Called Strike 0-1: Foul Ball, location: 2F 0-2: Ball 1-2: Strikes out looking
|
Batting: RHB Hou Kong
|
0-0: Called Strike 0-1: Swinging Strike 0-2: Fly out, F9 (Flyball, 89S)
|
Batting: RHB Ramón Degollado
|
0-0: Ball 1-0: Fly out, F9 (Flyball, 9S)
|
Bottom of the 3rd over - 0 runs, 0 hits, 0 errors, 1 left on base; Syracuse 0 - Niagara Falls 1 |
TOP OF THE 4TH |
Syracuse Storm batting - Pitching for Niagara Falls Expos : RHP Naozane Kobayashi
|
Batting: LHB William Duffy
|
0-0: Called Strike 0-1: Fly out, F5 (Popup, 5D)
|
Batting: RHB Scotty Smalls
|
0-0: Ball 1-0: Called Strike 1-1: SINGLE (Line Drive, 5D)
|
Batting: LHB Mike Clifton
|
0-0: Foul Ball, location: 2F 0-1: Swinging Strike 0-2: Foul Ball, location: 2F 0-2: Ball 1-2: Ball 2-2: Foul Ball, location: 2F 2-2: Foul Ball, location: 2F 2-2: Ball Scotty Smalls is caught stealing 2nd base 3-2: Foul Ball, location: 2F 3-2: Foul Ball, location: 2F 3-2: Ground out 4-3 (Groundball, 4)
|
Top of the 4th over - 0 runs, 1 hit, 0 errors, 0 left on base; Syracuse 0 - Niagara Falls 1 |
BOTTOM OF THE 4TH |
Niagara Falls Expos batting - Pitching for Syracuse Storm : RHP Zach Pinyerrel
|
Batting: LHB Manuel Núñez
|
0-0: Ball 1-0: Ground out 4-3 (Groundball, 4S)
|
Batting: RHB Bertrand Pick
|
0-0: Foul Ball, location: 2F 0-1: Ball 1-1: Ball 2-1: Ball 3-1: Swinging Strike 3-2: Base on Balls
|
Batting: RHB José Vázquez
|
0-0: Ball 1-0: Swinging Strike 1-1: Swinging Strike 1-2: Fly out, F8 (Flyball, 8RD)
|
Batting: RHB José Xirau
|
0-0: Called Strike 0-1: Fielders Choice at 2nd, 5-4 (Groundball, 56)
|
Bottom of the 4th over - 0 runs, 0 hits, 0 errors, 1 left on base; Syracuse 0 - Niagara Falls 1 |
TOP OF THE 5TH |
Syracuse Storm batting - Pitching for Niagara Falls Expos : RHP Naozane Kobayashi
|
Batting: RHB Harry MacCash
|
0-0: Foul Ball, location: 2F 0-1: Foul Ball, location: 2F 0-2: Strikes out swinging
|
Batting: LHB Hirohisa Wada
|
0-0: Ball 1-0: Called Strike 1-1: Swinging Strike 1-2: Ball 2-2: Foul Ball, location: 2F 2-2: Ball 3-2: Strikes out swinging
|
Batting: RHB Tsuginori Kobayashi
|
0-0: Foul Ball, location: 2F 0-1: Foul Ball, location: 2F 0-2: SINGLE (Line Drive, 7S)
|
Batting: RHB Dave Maxwell
|
0-0: Ball 1-0: Ball 2-0: Ball 3-0: Base on Balls Tsuginori Kobayashi to second
|
Batting: LHB Juan Jimínez
|
0-0: Ball 1-0: Called Strike 1-1: Ball 2-1: Ball 3-1: Called Strike 3-2: Ground out U3 (Groundball, 3)
|
Top of the 5th over - 0 runs, 1 hit, 0 errors, 2 left on base; Syracuse 0 - Niagara Falls 1 |
BOTTOM OF THE 5TH |
Niagara Falls Expos batting - Pitching for Syracuse Storm : RHP Zach Pinyerrel
|
Batting: RHB Bogumil Tiwontschik
|
0-0: Ball 1-0: Fly out, F7 (Flyball, 7)
|
Batting: RHB Francisco Valentín
|
0-0: Swinging Strike 0-1: Ball 1-1: Ball 2-1: Ball 3-1: Foul Ball, location: 2F 3-2: SINGLE (Groundball, 56D)
|
Batting: RHB Ramón Soto
|
0-0: Ball 1-0: Foul Ball, location: 2F 1-1: Ball 2-1: Ball 3-1: SINGLE (Flyball, 9LS) Francisco Valentín to second Runner from 2nd tries for 3rd, SAFE, no throw
|
Batting: RHB Hou Kong
|
0-0: Ball Ramón Soto steals 2nd base 1-0: Foul Ball, location: 2F 1-1: Fly out, F7 (Flyball, 7S)
|
Batting: RHB Ramón Degollado
|
0-0: Called Strike 0-1: Ball 1-1: Foul Ball, location: 2F 1-2: Hit by Pitch
|
Batting: LHB Manuel Núñez
|
0-0: Foul Ball, location: 2F 0-1: Ball 1-1: Foul Ball, location: 2F 1-2: Ball 2-2: Fly out, F4 (Popup, 4MD)
|
Bottom of the 5th over - 0 runs, 2 hits, 0 errors, 3 left on base; Syracuse 0 - Niagara Falls 1 |
TOP OF THE 6TH |
Syracuse Storm batting - Pitching for Niagara Falls Expos : RHP Naozane Kobayashi
|
Batting: RHB Vince Staples
|
0-0: Ball 1-0: Swinging Strike 1-1: Foul Ball, location: 2F 1-2: Foul Ball, location: 2F 1-2: Foul Ball, location: 2F 1-2: Strikes out swinging
|
Batting: LHB William Duffy
|
0-0: Ball 1-0: Ball 2-0: Foul Ball, location: 2F 2-1: Swinging Strike 2-2: SINGLE (Groundball, 34D)
|
Batting: RHB Scotty Smalls
|
0-0: Ball 1-0: Ground out U3 (Groundball, 34) William Duffy to second
|
Batting: LHB Mike Clifton
|
0-0: Ball 1-0: Ball 2-0: Swinging Strike 2-1: Ball 3-1: Foul Ball, location: 2F 3-2: Foul Ball, location: 2F 3-2: Base on Balls
|
Batting: RHB Harry MacCash
|
0-0: Fly out, F9 (Flyball, 89XD)
|
Top of the 6th over - 0 runs, 1 hit, 0 errors, 2 left on base; Syracuse 0 - Niagara Falls 1 |
BOTTOM OF THE 6TH |
Niagara Falls Expos batting - Pitching for Syracuse Storm : RHP Zach Pinyerrel
|
Batting: RHB Bertrand Pick
|
0-0: Ball 1-0: Called Strike 1-1: Ball 2-1: Foul Ball, location: 2F 2-2: SINGLE (Groundball, 34D)
|
Batting: RHB José Vázquez
|
0-0: Foul Ball, location: 2F 0-1: Called Strike 0-2: Strikes out looking
|
Batting: RHB José Xirau
|
0-0: Fielders Choice at 2nd, 6-4 (Groundball, 6)
|
Batting: RHB Bogumil Tiwontschik
|
0-0: Called Strike 0-1: Fly out, F7 (Flyball, 7LSF)
|
Bottom of the 6th over - 0 runs, 1 hit, 0 errors, 1 left on base; Syracuse 0 - Niagara Falls 1 |
TOP OF THE 7TH |
Syracuse Storm batting - Pitching for Niagara Falls Expos : RHP Naozane Kobayashi
|
Now at 3B: Min-tae Yi
|
|
Batting: LHB Hirohisa Wada
|
0-0: Called Strike 0-1: Ball 1-1: Foul Ball, location: 2F 1-2: Ground out U3 (Groundball, 3)
|
Batting: RHB Tsuginori Kobayashi
|
0-0: Ball 1-0: Called Strike 1-1: Swinging Strike 1-2: Foul Ball, location: 2F 1-2: Foul Ball, location: 2F 1-2: Strikes out swinging
|
Batting: RHB Dave Maxwell
|
0-0: Ball 1-0: Foul Ball, location: 2F 1-1: Ball 2-1: Ball 3-1: Fly out, F7 (Line Drive, 7S)
|
Top of the 7th over - 0 runs, 0 hits, 0 errors, 0 left on base; Syracuse 0 - Niagara Falls 1 |
BOTTOM OF THE 7TH |
Niagara Falls Expos batting - Pitching for Syracuse Storm : RHP Zach Pinyerrel
|
Batting: RHB Francisco Valentín
|
0-0: Called Strike 0-1: Ball 1-1: Swinging Strike 1-2: Strikes out swinging
|
Batting: RHB Ramón Soto
|
0-0: Ball 1-0: Ball 2-0: Ball 3-0: Called Strike 3-1: Base on Balls
|
Batting: RHB Hou Kong
|
0-0: Ball 1-0: Ball 2-0: Called Strike 2-1: Foul Ball, location: 2F 2-2: Ball 3-2: Ground out 1-3 (Groundball, 15S) Ramón Soto to second
|
Batting: RHB Ramón Degollado
|
0-0: Swinging Strike 0-1: Foul Ball, location: 2F 0-2: Foul Ball, location: 2F 0-2: SINGLE (Flyball, 89S) Ramón Soto to third Runner from 3rd tries for Home, SAFE, no throw
|
Pitching: RHP John Vaillancourt
|
|
Batting: LHB Manuel Núñez
|
0-0: Ball 1-0: Ball 2-0: Called Strike 2-1: Reached on error, E4 (Groundball, 34) Ramón Degollado to second
|
Batting: RHB Bertrand Pick
|
0-0: Foul Ball, location: 2F 0-1: Called Strike 0-2: Ball 1-2: Strikes out swinging
|
Bottom of the 7th over - 1 run, 1 hit, 1 error, 2 left on base; Syracuse 0 - Niagara Falls 2 |
TOP OF THE 8TH |
Syracuse Storm batting - Pitching for Niagara Falls Expos : RHP Naozane Kobayashi
|
Now in CF: Fred Hulvey
|
|
Batting: LHB Juan Jimínez
|
0-0: Called Strike 0-1: Foul Ball, location: 2F 0-2: Fly out, F9 (Line Drive, 9)
|
Pitching: RHP Jefferson Suhendro
|
|
Batting: RHB Vince Staples
|
0-0: Ball 1-0: Called Strike 1-1: DOUBLE (Line Drive, 7D)
|
Batting: LHB William Duffy
|
0-0: Ball 1-0: Ball 2-0: Ball 3-0: Called Strike 3-1: Ground out 6-3 (Groundball, 6)
|
Batting: RHB Scotty Smalls
|
0-0: Ball 1-0: Foul Ball, location: 2F 1-1: Ground out 3-1 (Groundball, 3S)
|
Top of the 8th over - 0 runs, 1 hit, 0 errors, 1 left on base; Syracuse 0 - Niagara Falls 2 |
BOTTOM OF THE 8TH |
Niagara Falls Expos batting - Pitching for Syracuse Storm : RHP John Vaillancourt
|
Batting: RHB José Vázquez
|
0-0: Ball 1-0: Fly out, F9 (Flyball, 89M)
|
Batting: RHB José Xirau
|
0-0: Foul Ball, location: 2F 0-1: Ball 1-1: Swinging Strike 1-2: Strikes out swinging
|
Batting: RHB Min-tae Yi
|
0-0: Ground out 1-3 (Groundball, 13)
|
Bottom of the 8th over - 0 runs, 0 hits, 0 errors, 0 left on base; Syracuse 0 - Niagara Falls 2 |
TOP OF THE 9TH |
Syracuse Storm batting - Pitching for Niagara Falls Expos : RHP Jefferson Suhendro
|
Pitching: RHP Tony Wolfe
|
|
Batting: LHB Mike Clifton
|
0-0: Called Strike 0-1: Ball 1-1: Ground out 4-3 (Groundball, 4)
|
Batting: RHB Harry MacCash
|
0-0: Fly out, F8 (Flyball, 8LD)
|
Batting: LHB Hirohisa Wada
|
0-0: Ball 1-0: Called Strike 1-1: Foul Ball, location: 2F 1-2: Strikes out swinging
|
Top of the 9th over - 0 runs, 0 hits, 0 errors, 0 left on base; Syracuse 0 - Niagara Falls 2 |
|